 Seeded DCSS version 0.30-a0-639-g3916f1956a (webtiles) character file.

Game seed: 3556668720272737500 (custom seed)

2820 zeratav the Basher (level 9, -5/127 HPs)
             Began as a Minotaur Berserker on Jan 16, 2023.
             Was a Priest of Trog.
             Slain by a deep troll (13 damage)
             ... on level 7 of the Dungeon.
             The game lasted 00:10:11 (5967 turns).

zeratav the Basher (Minotaur Berserker)             Turns: 5967, Time: 00:10:11

Health: -5/127     AC: 14    Str: 24    XL:     9   Next: 45%
Magic:  8/8        EV: 17    Int:  6    God:    Trog [***...]
Gold:   318        SH:  3    Dex: 10    Spells: 8/8 levels left

rFire   + . .      SeeInvis .    v - +0 flail {mace}
rCold   . . .      Faith    .    C - +0 buckler
rNeg    . . .      Spirit   .    s - +3 ring mail {rF+}
rPois   .          Reflect  .    (helmet restricted)
rElec   .          Harm     .    (no cloak)
rCorr   .          Rampage  .    (no gloves)
Will    .....                    i - +0 pair of boots Stlth
                                 w - amulet of regeneration
HPRegen 1.21/turn                b - +5 ring of evasion
MPRegen 0.11/turn                B - +4 ring of protection

@: berserking (expiring), very quick
A: horns 2, retaliatory headbutt
a: Renounce Religion, Berserk, Trog's Hand


You were on level 7 of the Dungeon.
You worshipped Trog.
Trog was most pleased with you.
You visited 1 branch of the dungeon, and saw 7 of its levels.

You collected 318 gold pieces.


Innate Abilities, Weirdness & Mutations

You have a pair of horns on your head.
You reflexively headbutt those who attack you in melee.


   Skills:
 - Level 10.0 Fighting
 - Level 10.0 Maces & Flails
 + Level 6.5 Armour
 + Level 5.9 Dodging


You had 8 spell levels left.
You didn't know any spells.
Your spell library contained the following spells:

 Spells                   Type           Power      Damage    Failure   Level
 Sandblast                Erth           0%         2d4       71%         1
 Ensorcelled Hibernation  Hex/Ice        0%         N/A       83%         2
 Passwall                 Tmut/Erth      0%         N/A       83%         2
 Spider Form              Tmut/Pois      0%         N/A       97%         3
 Stone Arrow              Conj/Erth      0%         3d7       97%         3
 Summon Guardian Golem    Hex/Summ       0%         N/A       97%         3
 Anguish                  Hex/Necr       0%         N/A       100%        4
 Orb of Destruction       Conj           0%         9d5       100%        7
 Spellforged Servitor     Conj/Summ      0%         N/A       100%        7

Inventory:

Hand Weapons
 v - a +0 flail (weapon) {mace}
   (You took it off an orc on level 4 of the Dungeon)
 A - the +2 mace of Spores {holy, rPois rC- Int+6, mace}
   (You found it on level 5 of the Dungeon)

   Int:       It affects your intelligence (+6).
   rC:        It makes you vulnerable to cold.
   rPois:     It protects you from poison.
Armour
 i - a +0 pair of boots (worn)
   (You found it on level 1 of the Dungeon)
 s - a +3 ring mail of fire resistance (worn)
   (You took it off Ijyb on level 3 of the Dungeon)
 C - a +0 buckler (worn)
   (You found it on level 5 of the Dungeon)
Jewellery
 b - a +5 ring of evasion (left hand)
   (You found it on level 7 of the Dungeon)
 g - a ring of flight
   (You found it on level 1 of the Dungeon)
 w - an amulet of regeneration (around neck)
   (You found it on level 4 of the Dungeon)
 B - a +4 ring of protection (right hand)
   (You found it on level 5 of the Dungeon)
 E - an amulet of the acrobat
   (You found it on level 6 of the Dungeon)
 F - an amulet of reflection
   (You found it on level 6 of the Dungeon)
Wands
 a - a wand of flame (9)
   (You took it off Joseph on level 7 of the Dungeon)
 t - a wand of digging (2)
   (You took it off Ijyb on level 3 of the Dungeon)
 y - a wand of polymorph (9)
   (You found it on level 5 of the Dungeon)
Scrolls
 d - a scroll of poison {unknown}
 f - 2 scrolls of fear {unknown}
 h - 2 scrolls of teleportation {unknown}
 j - 6 scrolls of identify {unknown}
 l - 2 scrolls of blinking {unknown}
 n - a scroll of enchant weapon {unknown}
 p - 3 scrolls of silence {unknown}
 q - 2 scrolls of magic mapping {unknown}
 u - 2 scrolls of enchant armour {unknown}
 x - a scroll of immolation {unknown}
Potions
 c - 2 potions of brilliance
 e - 4 potions of heal wounds {@q2}
 k - a potion of cancellation {unknown}
 m - a potion of attraction {unknown}
 o - a potion of degeneration {unknown}
 r - 3 potions of curing {unknown}
 z - 2 potions of ambrosia {unknown}
 D - a potion of invisibility {unknown}

Dungeon Overview and Level Annotations

Branches:
Dungeon (7/15) Zot: 25617  Temple (0/1) D:6

Altars:
Hepliaklqana
Kikubaaqudgha

Shops:
D:3

[ # ##. ..# ###
#.###### #.# ###
#.#<..# #.# ##.#
##.#### #.## #..#
##.## #
#..###.####.T.#
######......##..@#.##
.......####.#..####T#
#####[.# ##..## #.##
# # #..# ##.#
#..##..## # #.## #.##
#.......# # #.#
##..####..###.... #
#.######......#.## ..
##.........#####.#
#.........## ...


You could see a deep troll.


Message History

The ogre shouts!
No target in view!
An ogre is nearby!
The ogre hits you but does no damage.
You thump the ogre! You sock the ogre! The ogre hits you with a +0 giant club!
HP[-16]
You take 16 damage, and now have 69/85 hp.
You hit the ogre.
You kill the ogre!
Trog accepts your kill.
HP[+1] No target in view!
No target in view!
No target in view!
No target in view!
No target in view!
No target in view!
No target in view!
No target in view!
No target in view!
No target in view!
No target in view!
No target in view!
No target in view!
You see here a +0 giant club {mace}.
A deep troll comes into view.
The deep troll shouts!
HP[+15]
Your hp is fully restored (85).
You barely miss the deep troll.
The deep troll bites you but does no damage.
The deep troll closely misses you. You block the deep troll's attack.
You closely miss the deep troll.
You headbutt the deep troll, but do no damage.
The deep troll bites you! The deep troll misses you. The deep troll claws you.
HP[-17]
You take 17 damage, and now have 68/85 hp.
You thump the deep troll! The deep troll misses you.
The deep troll claws you but does no damage.
The deep troll completely misses you.
HP[+1]
You sock the deep troll! The deep troll bites you!
The deep troll claws you but does no damage.
The deep troll claws you.
HP[-16]
You take 16 damage, and now have 53/85 hp.
You sock the deep troll! The deep troll bites you!
The deep troll claws you but does no damage.
The deep troll claws you!
* * * LOW HITPOINT WARNING * * *
HP[-15]
You take 15 damage, and now have 38/85 hp.
You completely miss the deep troll. Your headbutt misses the deep troll.
The deep troll misses you. You furiously retaliate!
You headbutt the deep troll, but do no damage.
The deep troll barely misses you. The deep troll misses you.
HP[+1]
You hit the deep troll. Your headbutt misses the deep troll.
The deep troll bites you but does no damage.
The deep troll claws you.
* * * LOW HITPOINT WARNING * * *
The deep troll barely misses you.
HP[-3]
You take 3 damage, and now have 36/85 hp.
You barely miss the deep troll. The deep troll bites you!!
* * * LOW HITPOINT WARNING * * *
The deep troll claws you!
* * * LOW HITPOINT WARNING * * *
You block the deep troll's attack.
HP[-24]
You take 24 damage, and now have 12/85 hp.
MASSIVE DAMAGE!! (PAUSE)
You hit the deep troll. Your headbutt misses the deep troll.
The deep troll bites you.
* * * LOW HITPOINT WARNING * * *
The deep troll claws you!
* * * LOW HITPOINT WARNING * * *
The deep troll barely misses you.
HP[-10]
You take 10 damage, and now have 2/85 hp.
A red film seems to cover your vision as you go berserk!
You feel yourself moving faster!
You feel mighty!
You can no longer call in reinforcements.
The deep troll misses you. You furiously retaliate!
You headbutt the deep troll! The deep troll claws you.
* * * LOW HITPOINT WARNING * * *
The deep troll closely misses you.
HP[+2]
You now have 127 max hp (+42).
You regained 2 hp, and now have 4/127 hp.
You feel a strong urge to attack something.
HP[+1] HP[+1]
Okay, then.
You feel your anger nearly subside.
You barely miss the deep troll. You headbutt the deep troll.
HP[+1]
You barely miss the deep troll. The deep troll bites you!
You die...

Skill      XL: |  1  2  3  4  5  6  7  8  9 |
---------------+----------------------------+-----
Maces & Flails | 4 5 6 7 8 9 10 | 10.0
Fighting       | 7 10 | 10.0
Armour         | 4 6 |  6.5
Dodging        | 4 5 |  5.9

Action                   |  1- 3 |  4- 6 |  7- 9 || total
-------------------------+-------+-------+-------++-------
Melee: Mace              |    77 |    96 |       ||   173
       Headbutt          |    10 |    21 |    33 ||    64
       Punch             |       |     3 |       ||     3
       Flail             |       |    51 |   224 ||   275
Invok: Berserk           |       |     1 |     2 ||     3
  Use: Potion            |       |       |     2 ||     2
 Stab: Sleeping          |       |     2 |       ||     2
Armor: Animal skin       |    16 |    28 |     8 ||    52
       Ring mail         |       |       |   115 ||   115
Dodge: Dodged            |    48 |    81 |   107 ||   236
Block: Buckler           |       |       |    15 ||    15

Levels and vault maps discovered:
D:1:      saegor_arrival_simple_a, layout_basic,
          hellmonk_ecumenical_altar_crossroads, minmay_nonomino_d4
D:2:      layout_loops_ring, serial_aquarium, aquarium_bridge_square
          [aquarium_subvault_bridge, aquarium_subvault_wall,
          aquarium_subvault_bridge, aquarium_subvault_bridge],
          aquarium_window_1, aquarium_window_corridor_1, aquarium_window_fake,
          aquarium_view_2d, aquarium_view_2e, uniq_terence
D:3:      layout_basic, serial_shops, shop, minmay_misc_feat_hallway,
          minivault_11, uniq_ijyb
D:4:      layout_basic, mainiacjoe_overflow_swirl, serial_curves,
          eino_curves_02, eino_curves_03, uniq_natasha
D:5:      layout_loops_corners, nicolae_nh_ransacked_shop
D:6:      layout_basic, minmay_temple_entry_statues_fountains,
          minmay_misc_feat_ornament, feat_on_display, uniq_menkaure
D:7:      layout_layer_cave, hellmonk_guarded_unrand_vitality_bloodlust,
          uniq_joseph

Notes
Turn   | Place    | Note
-------+----------+-------------------------------------------
     0 | D:1      | zeratav the Minotaur Berserker began the quest for the Orb.
     0 | D:1      | Reached XP level 1. HP: 19/19 MP: 0/0
     0 | D:1      | magus.rc [v1.9.6]
    37 | D:1      | Reached skill level 4 in Maces & Flails
    46 | D:1      | Reached XP level 2. HP: 18/26 MP: 1/1
   287 | D:1      | Found a faded altar of an unknown god.
   449 | D:1      | Reached skill level 5 in Maces & Flails
   605 | D:1      | Reached XP level 3. HP: 31/31 MP: 2/2
   798 | D:2      | Reached ** piety under Trog
  1137 | D:2      | Noticed Terence
  1142 | D:2      | Killed Terence
  1143 | D:2      | Reached skill level 6 in Maces & Flails
  1143 | D:2      | Reached XP level 4. HP: 25/39 MP: 3/3
  1725 | D:3      | Reached skill level 7 in Maces & Flails
  1725 | D:3      | Reached XP level 5. HP: 42/45 MP: 4/4
  2077 | D:3      | Noticed Ijyb
  2103 | D:3      | Killed Ijyb
  2322 | D:3      | Found Posel's Armour Emporium.
  2718 | D:4      | Reached skill level 8 in Maces & Flails
  2824 | D:4      | Found a hazy altar of Hepliaklqana.
  2833 | D:4      | Found an ancient bone altar of Kikubaaqudgha.
  2851 | D:4      | Noticed Natasha
  2857 | D:4      | Killed Natasha
  2858 | D:4      | Reached XP level 6. HP: 51/51 MP: 5/5
  2964 | D:4      | Noticed Natasha
  2970 | D:4      | Killed Natasha
  3001 | D:4      | Reached skill level 9 in Maces & Flails
  3185 | D:4      | Reached *** piety under Trog
  3349 | D:4      | Noticed Natasha
  3358 | D:4      | Killed Natasha
  3434 | D:5      | Entered Level 5 of the Dungeon
  3493 | D:5      | You pick up a book of Dreams {forbidden} and begin
                  | reading...
  3493 | D:5      | You add the spells Ensorcelled Hibernation, Spider Form and
                  | Anguish to your library.
  3505 | D:5      | Reached XP level 7. HP: 52/56 MP: 6/6
  3530 | D:5      | Reached skill level 10 in Maces & Flails
  3751 | D:5      | HP: 10/58 [orc priest/divine providence (9)]
  3752 | D:5      | HP: 3/58 [orc/+1 falchion of venom (6)]
  3758 | D:5      | Reached skill level 4 in Fighting
  3913 | D:5      | Identified the +2 mace of Spores {holy, rPois rC- Int+6}
  4057 | D:5      | Reached skill level 5 in Fighting
  4423 | D:6      | Reached skill level 6 in Fighting
  4524 | D:6      | Reached skill level 7 in Fighting
  4524 | D:6      | Reached XP level 8. HP: 67/73 MP: 7/7
  4563 | D:6      | Reached skill level 8 in Fighting
  4569 | D:6      | Noticed Menkaure
  4651 | D:7      | Reached skill level 9 in Fighting
  4728 | D:7      | Reached skill level 10 in Fighting
  4734 | D:7      | Reached skill level 3 in Armour
  4769 | D:7      | Noticed Joseph
  4800 | D:7      | Killed Joseph
  4801 | D:7      | Reached skill level 4 in Armour
  4801 | D:7      | Reached skill level 4 in Dodging
  4801 | D:7      | Reached XP level 9. HP: 85/85 MP: 8/8
  5037 | D:7      | You pick up a book of Dangerous Friends {forbidden} and
                  | begin reading...
  5037 | D:7      | You add the spells Summon Guardian Golem, Orb of
                  | Destruction and Spellforged Servitor to your library.
  5076 | D:7      | Reached skill level 5 in Armour
  5163 | D:7      | Reached skill level 5 in Dodging
  5370 | D:6      | You pick up a book of Geomancy {forbidden} and begin
                  | reading...
  5370 | D:6      | You add the spells Sandblast, Passwall and Stone Arrow to
                  | your library.
  5497 | D:6      | Reached **** piety under Trog
  5567 | D:6      | Reached skill level 6 in Armour
  5672 | D:6      | Found a staircase to the Ecumenical Temple.
  5759 | D:6      | Killed Menkaure
  5943 | D:7      | Noticed a deep troll
  5960 | D:7      | HP: 19/85 [deep troll (18)]
  5961 | D:7      | HP: 2/85 [deep troll (9)]
  5967 | D:7      | Slain by a deep troll

Vanquished Creatures
  Joseph (D:7)
  Menkaure (D:6)
  An ice beast (D:7)
  2 sky beasts (D:7)
  2 ogres
  2 centaurs (D:6)
  A kobold brigand (D:6)
  3 bullfrogs
  4 necrophages
  4 scorpions
  5 wights (D:7)
  A howler monkey (D:6)
  3 jellies
  3 orc priests
  2 hounds (D:5)
  Ijyb (D:3)
  Terence (D:2)
  2 iguanas
  Natasha (thrice) (D:4)
  4 orc wizards
  3 gnolls (D:2)
  9 adders
  A white imp (D:6)
  2 ufetubi (D:5)
  2 worms
  2 dart slugs (D:4)
  10 orcs
  5 bats
  6 endoplasms
  6 giant cockroaches
  9 goblins
  7 hobgoblins
  2 jackals (D:5)
  10 kobolds
  5 quokkas
  7 ball pythons
  2 frilled lizards (D:2)
  7 rats
141 creatures vanquished.

Table legend:
 A = Non-vault XP
 B = Vault XP
 C = Vault XP percentage of total XP
 D = Non-vault monster count
 E = Vault monster count
 F = Vault count percentage of total count
                 A         B        C        D         E       F
            +---------+---------+-------+---------+---------+-------
      Total |    3241 |     788 |  19.6 |     127 |      14 |   9.9
            +---------+---------+-------+---------+---------+-------
        D:1 |      34 |      11 |  24.4 |      20 |       6 |  23.1
        D:2 |     102 |      38 |  27.1 |      23 |       1 |   4.2
        D:3 |      59 |      39 |  39.8 |      15 |       1 |   6.2
        D:4 |     312 |      36 |  10.3 |      17 |       1 |   5.6
        D:5 |     381 |      47 |  11.0 |      14 |       3 |  17.6
        D:6 |     994 |     183 |  15.5 |      21 |       1 |   4.5
        D:7 |    1359 |     434 |  24.2 |      17 |       1 |   5.6
            +---------+---------+-------+---------+---------+-------

Illustrated notes

Table legend:
 A = Kills in this place as a percentage of kills in entire the game.
 B = Kills by you in this place as a percentage of kills by you in the entire game.
 C = Kills by friends in this place as a percentage of kills by friends in the entire game.
 D = Other kills in this place as a percentage of other kills in the entire game.
 E = Experience gained in this place as a percentage of experience gained in the entire game.
 F = Experience gained in this place divided by the number of levels of this place that you have seen.
                   A       B       C       D       E      F
               +-------+-------+-------+-------+-------+----------------------
         Total | 100.0 | 100.0 |   N/A |   N/A | 100.0 | 575.6
       Dungeon | 100.0 | 100.0 |   N/A |   N/A | 100.0 | 575.6
               +-------+-------+-------+-------+-------+----------------------

Table legend: (Time is in decaauts)
 A = Elapsed time spent in this place.
 B = Non-inter-level travel time spent in this place.
 C = Inter-level travel time spent in this place.
 D = Time resting spent in this place.
 E = Time spent auto-exploring this place.
 F = Levels seen in this place.
 G = Mean time per level.
                   A        B        C        D        E       F      G
               +--------+--------+--------+--------+--------+-----+--------+
         Total |   5983 |   5863 |    120 |    311 |   4497 |   7 |  854.7 |
       Dungeon |   5983 |   5863 |    120 |    311 |   4497 |   7 |  854.7 |
               +--------+--------+--------+--------+--------+-----+--------+

Top non-repeatable levels by time:
     D:2: 941 daAuts
     D:4: 908 daAuts
     D:5: 902 daAuts
     D:7: 850 daAuts
     D:3: 829 daAuts
     D:1: 778 daAuts
     D:6: 771 daAuts
